WCHLSIM.com - West Coast Hockey League
html PUBLIC "-//W3C//DTD XHTML 1.0 Transitional//EN" "http://www.w3.org/TR/xhtml1/DTD/xhtml1-transitional.dtd"> WCHL - Game 395 - RENO LIONS vs WINNIPEG BEAVERS

RENO LIONS vs WINNIPEG BEAVERS

Created - 9 janvier 2021 at 21:18

Goals
1 2 3 T
RENO LIONS 1 0 0 1
WINNIPEG BEAVERS 3 0 0 3
Shots
1 2 3 T
RENO LIONS 7 7 7 21
WINNIPEG BEAVERS 15 5 9 29

1st period

1. WINNIPEG BEAVERS , Joe Pavelski 7 (Joel Armia 12, Ondrej Palat 9) at 2:35
2. WINNIPEG BEAVERS , Brad Marchand 22 (Mika Zibanejad 17) at 2:41
3. RENO LIONS , Pierre-Luc Dubois 8 (Oscar Klefbom 16, Elias Pettersson 15) at 15:12
4. WINNIPEG BEAVERS , Dylan DeMelo 1 (Mika Zibanejad 18, Brad Marchand 19) at 18:03

Penalties :
Carson Soucy (WIN) for Hooking (Minor) at 15:20, Ondrej Palat (WIN) for Hooking (Minor) at 18:38

2nd period

No Goal

Penalties :
Justin Braun (WIN) for Hooking (Minor) at 4:38, Carson Soucy (WIN) for Cross-checking (Minor) at 7:09

3rd period

No Goal

Penalties :
Oliver Ekman-Larsson (REN) for Holding (Minor) at 4:05, Sean Kuraly (WIN) for Fighting (Major) at 9:50, Anders Lee (REN) for Fighting (Major) at 9:50, Ian Cole (WIN) for Hooking (Minor) at 15:49

Goalie Stats

Jaroslav Halak (REN), 26 saves from 29 shots - (0,897), L, 14-3-2, 60:00 minutes
Sergei Bobrovsky (WIN), 20 saves from 21 shots - (0,952), W, 9-7-3, 60:00 minutes

Players Stats for RENO LIONS

Player Name              G  A  P  +/- PIM S  H  SB GA TA FO     MP     PP MP  PK MP  
------------------------------------------------------------------------------------
Anders Lee               0  0  0  -1  5   5  0  0  0  0  1/1    18:18   3:29   1:19 
Blake Coleman            0  0  0   0  0   2  1  0  0  0  0/1    12:40   0:00   1:08 
Cam Atkinson             0  0  0  -1  0   4  0  0  0  0  0/0    20:18   3:29   0:40 
Colton Sceviour          0  0  0  -1  0   0  0  0  0  0  0/0     5:02   0:00   0:11 
Elias Pettersson         0  1  1   0  0   2  2  0  0  0  5/29   22:00   6:26   0:00 
Ethan Bear               0  0  0  -1  0   0  0  3  0  0  0/0    16:42   0:00   0:51 
Evgeny Dadonov           0  0  0   0  0   2  0  0  0  0  0/0    22:00   6:26   0:00 
Jacob Trouba             0  0  0   0  0   0  4  0  0  0  0/0    21:15   3:40   1:08 
Leo Komarov              0  0  0   0  0   1  1  0  0  0  4/11   12:12   0:00   0:40 
Melker Karlsson          0  0  0  -1  0   0  0  0  0  0  1/1     5:29   0:00   0:00 
Oliver Ekman-Larsson     0  0  0  -1  2   0  1  0  0  0  0/0    19:27   3:40   0:00 
Oscar Klefbom            0  1  1   0  0   1  1  2  0  0  0/0    23:50   6:15   1:08 
Pierre-Luc Dubois        1  0  1   0  0   3  3  0  0  0  1/1    22:00   6:26   0:00 
Robert Hagg              0  0  0  -1  0   0  2  0  0  0  0/0    15:51   0:00   0:00 
Ryan Pulock              0  0  0  -1  0   0  1  1  0  0  0/0    22:54   6:15   0:51 
Tomas Nosek              0  0  0  -1  0   0  0  0  0  0  1/5     6:51   0:00   0:00 
Vincent Hinostroza       0  0  0   0  0   0  0  0  0  0  0/0    11:32   0:00   0:00 
William Karlsson         0  0  0  -1  0   1  0  0  0  0  17/30  19:38   3:29   0:00 

Players Stats for WINNIPEG BEAVERS

Player Name              G  A  P  +/- PIM S  H  SB GA TA FO     MP     PP MP  PK MP  
------------------------------------------------------------------------------------
Alexander Radulov        0  0  0   0  0   2  0  0  0  0  2/4    18:59   0:00   5:12 
Anthony DeAngelo         0  0  0   1  0   0  3  0  0  0  0/0    20:25   0:00   2:18 
Brad Marchand            1  1  2   1  0   7  1  0  0  0  0/1    16:13   1:13   0:00 
Brandon Tanev            0  0  0   1  0   0  3  0  0  0  0/1    17:47   0:46   1:55 
Carson Soucy             0  0  0   1  4   1  0  1  0  0  0/0    14:35   0:46   0:00 
Colin Wilson             0  0  0   0  0   0  0  0  0  0  0/0     6:57   0:46   0:00 
David Krejci             0  0  0   0  0   2  0  0  0  0  18/27  18:34   0:00   4:47 
Dylan DeMelo             1  0  1   1  0   1  1  1  0  0  0/0    21:32   1:13   6:02 
Ian Cole                 0  0  0   1  2   1  0  1  0  0  0/0    22:02   0:00   4:29 
Joe Pavelski             1  0  1   1  0   5  0  1  0  0  12/21  18:24   1:13   3:50 
Joel Armia               0  1  1   1  0   0  2  0  0  0  1/1    17:08   0:00   4:06 
Justin Braun             0  0  0   0  2   1  1  1  0  0  0/0    20:20   1:13   3:58 
Kris Russell             0  0  0   0  0   0  1  0  0  0  0/0    21:02   0:46   3:03 
Michael Raffl            0  0  0   0  0   1  1  0  0  0  0/0     6:17   0:00   0:00 
Mika Zibanejad           0  2  2   1  0   4  0  0  0  0  14/19  17:05   1:13   0:00 
Ondrej Palat             0  1  1   1  2   3  0  0  0  0  0/0    13:47   0:46   0:00 
Sean Kuraly              0  0  0   0  5   1  0  0  0  0  0/0    12:35   0:00   0:00 
Steven Lorentz           0  0  0   0  0   0  3  0  0  0  2/5     6:17   0:00   0:00 

3 Stars

1 - Brad Marchand (WIN)
2 - Dylan DeMelo (WIN)
3 - Joe Pavelski (WIN)

Power Play

RENO LIONS - 0 on 5 Attempt(s) - 0,00%
WINNIPEG BEAVERS - 0 on 1 Attempt(s) - 0,00%

Penalty Kill

RENO LIONS - 1 on 1 Attempt(s) - 100,00% - Score 0 goal in Penalty Kill
WINNIPEG BEAVERS - 5 on 5 Attempt(s) - 100,00% - Score 0 goal in Penalty Kill

Team Stat

RENO LIONS - Hits : 16 - Faceoff Wins : 30 - Blocked Shots : 6 - Penalty Minutes : 7
WINNIPEG BEAVERS - Hits : 16 - Faceoff Wins : 49 - Blocked Shots : 5 - Penalty Minutes : 15

Official

Referees : Garrett Rank and Ian Walsh
Linesman : Ken Bonham and Neil Campbell

Game Notes

Anders Lee beats up Sean Kuraly at 9:50 of 3rd period

Finance

Level 1 -- Attendance: 5370 (89,50%) -- Ticket Income 912 900 $
Level 2 -- Attendance: 3732 (74,64%) -- Ticket Income 593 388 $
Level 3 -- Attendance: 1908 (95,40%) -- Ticket Income 190 800 $
Level 4 -- Attendance: 2634 (65,85%) -- Ticket Income 260 766 $
Luxury Box -- Attendance: 638 (63,80%) -- Ticket Income 319 000 $
Total Attendance: 14282 (79,34%)
Total Ticket Income: 2 276 854 $
Other Expense: 22 769 $
Total Income: 2 254 085 $

RENO LIONS

5 vs 5 Forward 
   Center                   Left Wing                Right Wing               Time % Phy DF OF 
 1 Elias Pettersson         Pierre-Luc Dubois        Evgeny Dadonov           33     0   2  3  
 2 William Karlsson         Anders Lee               Cam Atkinson             33     0   2  3  
 3 Leo Komarov              Vincent Hinostroza       Blake Coleman            24     1   2  2  
 4 Tomas Nosek              Melker Karlsson          Colton Sceviour          10     2   3  0  

5 vs 5 Defense 
   Defense                  Defense                                           Time % Phy DF OF 
 1 Oscar Klefbom            Jacob Trouba                                      36     1   2  2  
 2 Oliver Ekman-Larsson     Ryan Pulock                                       36     1   2  2  
 3 Robert Hagg              Ethan Bear                                        23     1   2  2  
 4 Oscar Klefbom            Jacob Trouba                                      5      1   2  2  

PowerPlay Forward 
   Center                   Left Wing                Right Wing               Time % Phy DF OF 
 1 Elias Pettersson         Pierre-Luc Dubois        Evgeny Dadonov           55     1   0  4  
 2 William Karlsson         Anders Lee               Cam Atkinson             45     1   0  4  

PowerPlay Defense
   Defense                  Defense                                           Time % Phy DF OF 
 1 Oscar Klefbom            Ryan Pulock                                       55     0   1  4  
 2 Oliver Ekman-Larsson     Jacob Trouba                                      45     0   1  4  

Penalty Kill 4 Players Forward 
   Center                   Wing                     Time % Phy DF OF 
 1 Blake Coleman            Anders Lee               55     1   3  1  
 2 Leo Komarov              Cam Atkinson             45     1   3  1  

Penalty Kill 4 Players Defense
   Defense                  Defense                  Time % Phy DF OF 
 1 Oscar Klefbom            Jacob Trouba             55     1   3  1  
 2 Ethan Bear               Ryan Pulock              45     1   3  1  

Penalty Kill - 3 Players Forward 
   Forward                                           Time % Phy DF OF 
 1 Blake Coleman                                     55     0   5  0  
 2 Elias Pettersson                                  45     0   5  0  

Penalty Kill - 3 Players Defense
   Defense                  Defense                  Time % Phy DF OF 
 1 Ethan Bear               Ryan Pulock              55     0   5  0  
 2 Oscar Klefbom            Jacob Trouba             45     0   5  0  

4 vs 4 Forward 
   Center                   Wing                     Time % Phy DF OF 
 1 William Karlsson         Leo Komarov              55     1   2  2  
 2 Pierre-Luc Dubois        Evgeny Dadonov           45     1   2  2  

4 vs 4 Defense
   Defense                  Defense                  Time % Phy DF OF 
 1 Oliver Ekman-Larsson     Robert Hagg              55     1   2  2  
 2 Ethan Bear               Jacob Trouba             45     1   2  2  

Last Minutes Offensive
   Center                   Left Wing                Right Wing               Defense                  Defense                  
   Elias Pettersson         Pierre-Luc Dubois        Evgeny Dadonov           Oscar Klefbom            Ryan Pulock              

Last Minutes Defensive
   Center                   Left Wing                Right Wing               Defense                  Defense                  
   Elias Pettersson         Anders Lee               Blake Coleman            Oscar Klefbom            Jacob Trouba             

Goaltenders
Starting : Jaroslav Halak           
Backup : Thomas Greiss            

Extra Forwards
Normal : Tomas Nosek, Melker Karlsson, Vincent Hinostroza - PP : Vincent Hinostroza, Melker Karlsson - PK : Colton Sceviour
Extra Defensemen
Normal : Robert Hagg, Oliver Ekman-Larsson, Ethan Bear - PP : Robert Hagg - PK : Oliver Ekman-Larsson, Robert Hagg
Penalty Shots
Elias Pettersson, Pierre-Luc Dubois, Evgeny Dadonov, William Karlsson, Anders Lee
Custom OT Lines Forwards
Elias Pettersson, William Karlsson, Anders Lee, Pierre-Luc Dubois, Evgeny Dadonov, Blake Coleman, Cam Atkinson, Leo Komarov, Melker Karlsson, Vincent Hinostroza
Custom OT Lines Defensemen
Oscar Klefbom, Jacob Trouba, Oliver Ekman-Larsson, Ryan Pulock, Ethan Bear

Scratches
Jayce Hawryluk (Healthy)

WINNIPEG BEAVERS

5 vs 5 Forward 
   Center                   Left Wing                Right Wing               Time % Phy DF OF 
 1 Mika Zibanejad           Brad Marchand            Brandon Tanev            34     1   2  2  
 2 Joe Pavelski             Ondrej Palat             Joel Armia               30     0   3  2  
 3 David Krejci             Sean Kuraly              Alexander Radulov        30     0   3  2  
 4 Steven Lorentz           Colin Wilson             Michael Raffl            6      1   3  1  

5 vs 5 Defense 
   Defense                  Defense                                           Time % Phy DF OF 
 1 Ian Cole                 Anthony DeAngelo                                  34     1   2  2  
 2 Justin Braun             Kris Russell                                      33     0   3  2  
 3 Dylan DeMelo             Carson Soucy                                      25     1   3  1  
 4 Kris Russell             Dylan DeMelo                                      8      1   2  2  

PowerPlay Forward 
   Center                   Left Wing                Right Wing               Time % Phy DF OF 
 1 Mika Zibanejad           Brad Marchand            Joe Pavelski             52     0   0  5  
 2 David Krejci             Ondrej Palat             Alexander Radulov        48     0   0  5  

PowerPlay Defense
   Defense                  Defense                                           Time % Phy DF OF 
 1 Ian Cole                 Anthony DeAngelo                                  53     0   1  4  
 2 Justin Braun             Dylan DeMelo                                      47     0   1  4  

Penalty Kill 4 Players Forward 
   Center                   Wing                     Time % Phy DF OF 
 1 David Krejci             Joel Armia               51     0   4  1  
 2 Joe Pavelski             Alexander Radulov        49     0   4  1  

Penalty Kill 4 Players Defense
   Defense                  Defense                  Time % Phy DF OF 
 1 Ian Cole                 Justin Braun             52     1   4  0  
 2 Kris Russell             Dylan DeMelo             48     1   4  0  

Penalty Kill - 3 Players Forward 
   Forward                                           Time % Phy DF OF 
 1 Brad Marchand                                     50     0   5  0  
 2 David Krejci                                      50     0   5  0  

Penalty Kill - 3 Players Defense
   Defense                  Defense                  Time % Phy DF OF 
 1 Ian Cole                 Justin Braun             51     1   4  0  
 2 Kris Russell             Dylan DeMelo             49     1   4  0  

4 vs 4 Forward 
   Center                   Wing                     Time % Phy DF OF 
 1 Mika Zibanejad           Brad Marchand            50     1   2  2  
 2 David Krejci             Joe Pavelski             50     1   2  2  

4 vs 4 Defense
   Defense                  Defense                  Time % Phy DF OF 
 1 Ian Cole                 Anthony DeAngelo         52     1   2  2  
 2 Kris Russell             Justin Braun             48     1   2  2  

Last Minutes Offensive
   Center                   Left Wing                Right Wing               Defense                  Defense                  
   Mika Zibanejad           Brad Marchand            Alexander Radulov        Ian Cole                 Anthony DeAngelo         

Last Minutes Defensive
   Center                   Left Wing                Right Wing               Defense                  Defense                  
   Mika Zibanejad           Brad Marchand            Joe Pavelski             Ian Cole                 Justin Braun             

Goaltenders
Starting : Sergei Bobrovsky         
Backup : Linus Ullmark            

Extra Forwards
Normal : Mika Zibanejad, Brad Marchand, Joe Pavelski - PP : Mika Zibanejad, Alexander Radulov - PK : Brandon Tanev
Extra Defensemen
Normal : Anthony DeAngelo, Ian Cole, Justin Braun - PP : Ian Cole - PK : Dylan DeMelo, Kris Russell
Penalty Shots
Brad Marchand, Mika Zibanejad, Alexander Radulov, David Krejci, Ondrej Palat
Custom OT Lines Forwards
Brad Marchand, Mika Zibanejad, Joe Pavelski, David Krejci, Alexander Radulov, Ondrej Palat, Joel Armia, Brandon Tanev, Sean Kuraly, Michael Raffl
Custom OT Lines Defensemen
Ian Cole, Anthony DeAngelo, Justin Braun, Kris Russell, Dylan DeMelo

Scratches
None


% Time on Ice - RENO LIONS

Lines # - Real PCT - Wanted PCT - Time Play
Normal Forward
1 - 32% - 33% - 15:34
2 - 34% - 33% - 16:09
3 - 24% - 24% - 11:32
4 - 10% - 10% - 4:51
Normal Defense
1 - 33% - 36% - 15:57
2 - 33% - 36% - 15:48
3 - 33% - 23% - 15:51
4 - 1% - 5% - 0:30
PP Forward
1 - 65% - 55% - 6:26
2 - 35% - 45% - 3:29
PP Defense
1 - 63% - 55% - 6:15
2 - 37% - 45% - 3:40
PK Forward
1 - 66% - 55% - 1:19
2 - 34% - 45% - 0:40
PK Defense
1 - 57% - 55% - 1:08
2 - 43% - 45% - 0:51
PK3 Forward
1 - 0% - 55%
2 - 0% - 45%
PK3 Defense
1 - 0% - 55%
2 - 0% - 45%
44 Forward
1 - 0% - 55%
2 - 0% - 45%
44 Defense
1 - 0% - 55%
2 - 0% - 45%
Last Minute Offensive  - 0:00
Last Minute Defensive  - 0:00
Total
Forward - 60:00
Defense - 60:00

% Time on Ice - WINNIPEG BEAVERS

Lines # - Real PCT - Wanted PCT - Time Play
Normal Forward
1 - 31% - 34% - 15:00
2 - 27% - 30% - 13:02
3 - 29% - 30% - 13:47
4 - 13% - 6% - 6:17
Normal Defense
1 - 37% - 34% - 17:40
2 - 32% - 33% - 15:10
3 - 26% - 25% - 12:37
4 - 6% - 8% - 2:39
PP Forward
1 - 61% - 52% - 1:13
2 - 39% - 48% - 0:46
PP Defense
1 - 0% - 53% - 0:00
2 - 100% - 47% - 1:59
PK Forward
1 - 48% - 51% - 4:43
2 - 52% - 49% - 5:12
PK Defense
1 - 57% - 52% - 5:37
2 - 43% - 48% - 4:18
PK3 Forward
1 - 0% - 50%
2 - 0% - 50%
PK3 Defense
1 - 0% - 51%
2 - 0% - 49%
44 Forward
1 - 0% - 50%
2 - 0% - 50%
44 Defense
1 - 0% - 52%
2 - 0% - 48%
Last Minute Offensive  - 0:00
Last Minute Defensive  - 0:00
Total
Forward - 60:00
Defense - 60:00

Play-by-Play

1st period


0:01 of 1st period - Mika Zibanejad wins face-off versus Elias Pettersson in neutral zone.
0:01 of 1st period - Brad Marchand is hit by Elias Pettersson and loses puck.
0:18 of 1st period - Shot by Elias Pettersson.
0:18 of 1st period - Stopped by Sergei Bobrovsky without a rebound.
0:19 of 1st period - William Karlsson wins face-off versus Joe Pavelski in WINNIPEG BEAVERS zone.
0:26 of 1st period - Shot by William Karlsson.
0:26 of 1st period - Shot Misses the Net.
0:28 of 1st period - Shot by Anders Lee.
0:28 of 1st period - Stopped by Sergei Bobrovsky without a rebound.
0:29 of 1st period - David Krejci wins face-off versus Leo Komarov in WINNIPEG BEAVERS zone.
0:52 of 1st period - Shot by Alexander Radulov.
0:52 of 1st period - Shot Misses the Net.
1:10 of 1st period - Shot by David Krejci.
1:10 of 1st period - Shot Misses the Net.
1:34 of 1st period - Icing by Ryan Pulock.
1:35 of 1st period - Mika Zibanejad wins face-off versus William Karlsson in RENO LIONS zone.
1:40 of 1st period - Shot by Brad Marchand.
1:40 of 1st period - Shot Misses the Net.
1:56 of 1st period - Shot by Brad Marchand.
1:56 of 1st period - Stopped by Jaroslav Halak without a rebound.
1:57 of 1st period - Elias Pettersson wins face-off versus Joe Pavelski in RENO LIONS zone.
2:23 of 1st period - Joe Pavelski is hit by Jacob Trouba.
2:35 of 1st period - Shot by Joe Pavelski.
2:35 of 1st period - Goal by Joe Pavelski - RENO LIONS : 0 - WINNIPEG BEAVERS : 1.
2:36 of 1st period - Mika Zibanejad wins face-off versus Tomas Nosek in neutral zone.
2:41 of 1st period - Shot by Brad Marchand.
2:41 of 1st period - Goal by Brad Marchand - RENO LIONS : 0 - WINNIPEG BEAVERS : 2.
2:42 of 1st period - William Karlsson wins face-off versus Steven Lorentz in neutral zone.
4:17 of 1st period - Shot by Oscar Klefbom.
4:17 of 1st period - Shot Misses the Net.
4:40 of 1st period - Shot by Anthony DeAngelo.
4:40 of 1st period - Shot Misses the Net.
5:02 of 1st period - Shot by Alexander Radulov.
5:02 of 1st period - Shot Blocked by Ethan Bear.
5:38 of 1st period - Shot by Blake Coleman.
5:38 of 1st period - Stopped by Sergei Bobrovsky without a rebound.
5:39 of 1st period - Joe Pavelski wins face-off versus William Karlsson in WINNIPEG BEAVERS zone.
5:41 of 1st period - Icing by Joel Armia.
5:42 of 1st period - William Karlsson wins face-off versus Joe Pavelski in WINNIPEG BEAVERS zone.
5:56 of 1st period - Ondrej Palat is hit by Jacob Trouba and loses puck.
5:59 of 1st period - Shot by Ondrej Palat.
5:59 of 1st period - Stopped by Jaroslav Halak without a rebound.
6:00 of 1st period - Mika Zibanejad wins face-off versus Leo Komarov in RENO LIONS zone.
6:07 of 1st period - Shot by Brad Marchand.
6:07 of 1st period - Stopped by Jaroslav Halak without a rebound.
6:08 of 1st period - Leo Komarov wins face-off versus Joe Pavelski in RENO LIONS zone.
6:36 of 1st period - Shot by Joel Armia.
6:36 of 1st period - Shot Blocked by Oscar Klefbom.
6:38 of 1st period - Shot by Joe Pavelski.
6:38 of 1st period - Shot Misses the Net.
6:40 of 1st period - Shot by Kris Russell.
6:40 of 1st period - Shot Misses the Net.
6:42 of 1st period - Shot by Justin Braun.
6:42 of 1st period - Stopped by Jaroslav Halak without a rebound.
6:43 of 1st period - Mika Zibanejad wins face-off versus William Karlsson in RENO LIONS zone.
6:55 of 1st period - Brad Marchand is hit by Oliver Ekman-Larsson and loses puck.
7:04 of 1st period - Shot by Mika Zibanejad.
7:04 of 1st period - Shot Misses the Net.
7:06 of 1st period - Shot by Mika Zibanejad.
7:06 of 1st period - Stopped by Jaroslav Halak with a rebound.
7:19 of 1st period - Mika Zibanejad is hit by Ryan Pulock and loses puck.
7:54 of 1st period - Shot by Elias Pettersson.
7:54 of 1st period - Shot Misses the Net.
7:56 of 1st period - Shot by Jacob Trouba.
7:56 of 1st period - Shot Misses the Net.
8:01 of 1st period - Icing by Anthony DeAngelo.
8:02 of 1st period - David Krejci wins face-off versus Leo Komarov in WINNIPEG BEAVERS zone.
8:21 of 1st period - Ian Cole is hit by Blake Coleman and loses puck.
8:41 of 1st period - Icing by Ian Cole.
8:42 of 1st period - David Krejci wins face-off versus Elias Pettersson in WINNIPEG BEAVERS zone.
8:42 of 1st period - David Krejci is hit by Elias Pettersson.
9:30 of 1st period - Shot by Pierre-Luc Dubois.
9:30 of 1st period - Shot Misses the Net.
9:45 of 1st period - Icing by Oliver Ekman-Larsson.
9:46 of 1st period - William Karlsson wins face-off versus Mika Zibanejad in RENO LIONS zone.
9:50 of 1st period - Icing by William Karlsson.
9:51 of 1st period - Mika Zibanejad wins face-off versus William Karlsson in RENO LIONS zone.
10:41 of 1st period - Icing by Ryan Pulock.
10:42 of 1st period - Joe Pavelski wins face-off versus William Karlsson in RENO LIONS zone.
10:43 of 1st period - Shot by Ondrej Palat.
10:43 of 1st period - Stopped by Jaroslav Halak without a rebound.
10:44 of 1st period - Joe Pavelski wins face-off versus Elias Pettersson in RENO LIONS zone.
10:45 of 1st period - Shot by Ondrej Palat.
10:45 of 1st period - Shot Misses the Net.
10:47 of 1st period - Shot by Joe Pavelski.
10:47 of 1st period - Stopped by Jaroslav Halak with a rebound.
10:55 of 1st period - Shot by Joel Armia.
10:55 of 1st period - Deflect By Ondrej Palat.
10:55 of 1st period - Stopped by Jaroslav Halak without a rebound.
10:56 of 1st period - Melker Karlsson wins face-off versus David Krejci in RENO LIONS zone.
11:07 of 1st period - Shot by Alexander Radulov.
11:07 of 1st period - Shot Misses the Net.
11:23 of 1st period - Shot by Sean Kuraly.
11:23 of 1st period - Stopped by Jaroslav Halak with a rebound.
11:25 of 1st period - Shot by Ian Cole.
11:25 of 1st period - Stopped by Jaroslav Halak without a rebound.
11:26 of 1st period - Joe Pavelski wins face-off versus Elias Pettersson in RENO LIONS zone.
11:26 of 1st period - Joe Pavelski is hit by Jacob Trouba.
12:21 of 1st period - Off-side.
12:22 of 1st period - Leo Komarov wins face-off versus Mika Zibanejad in neutral zone.
12:30 of 1st period - Icing by Brad Marchand.
12:31 of 1st period - Anders Lee wins face-off versus Mika Zibanejad in WINNIPEG BEAVERS zone.
13:00 of 1st period - Shot by Anders Lee.
13:00 of 1st period - Stopped by Sergei Bobrovsky without a rebound.
13:01 of 1st period - David Krejci wins face-off versus Leo Komarov in WINNIPEG BEAVERS zone.
13:09 of 1st period - Sean Kuraly is hit by Robert Hagg and loses puck.
14:23 of 1st period - Leo Komarov is hit by Kris Russell and loses puck.
15:12 of 1st period - Shot by Pierre-Luc Dubois.
15:12 of 1st period - Goal by Pierre-Luc Dubois - RENO LIONS : 1 - WINNIPEG BEAVERS : 2.
15:13 of 1st period - William Karlsson wins face-off versus Joe Pavelski in neutral zone.
15:13 of 1st period - William Karlsson is hit by Joel Armia.
15:20 of 1st period - Minor Penalty to Carson Soucy for Hooking.
15:21 of 1st period - William Karlsson wins face-off versus David Krejci in WINNIPEG BEAVERS zone.
16:03 of 1st period - Shot by Anders Lee.
16:03 of 1st period - Shot Blocked by Ian Cole.
16:43 of 1st period - Shot by Alexander Radulov.
16:43 of 1st period - Stopped by Jaroslav Halak without a rebound.
16:44 of 1st period - Joe Pavelski wins face-off versus Elias Pettersson in RENO LIONS zone.
16:48 of 1st period - Icing by Jacob Trouba.
16:49 of 1st period - Joe Pavelski wins face-off versus Elias Pettersson in RENO LIONS zone.
17:26 of 1st period - Shot by Anders Lee.
17:26 of 1st period - Stopped by Sergei Bobrovsky without a rebound.
17:27 of 1st period - Mika Zibanejad wins face-off versus William Karlsson in WINNIPEG BEAVERS zone.
17:40 of 1st period - Shot by Mika Zibanejad.
17:40 of 1st period - Shot Misses the Net.
18:01 of 1st period - Shot by Mika Zibanejad.
18:01 of 1st period - Stopped by Jaroslav Halak with a rebound.
18:03 of 1st period - Shot by Dylan DeMelo.
18:03 of 1st period - Goal by Dylan DeMelo - RENO LIONS : 1 - WINNIPEG BEAVERS : 3.
18:04 of 1st period - Joe Pavelski wins face-off versus Tomas Nosek in neutral zone.
18:38 of 1st period - Minor Penalty to Ondrej Palat for Hooking.
18:39 of 1st period - David Krejci wins face-off versus Elias Pettersson in WINNIPEG BEAVERS zone.
19:04 of 1st period - Shot by Pierre-Luc Dubois.
19:04 of 1st period - Stopped by Sergei Bobrovsky without a rebound.
19:05 of 1st period - William Karlsson wins face-off versus Joe Pavelski in WINNIPEG BEAVERS zone.
Goals for this period are 1 for RENO LIONS vs 3 for WINNIPEG BEAVERS.
Shots for this period are 7 for RENO LIONS vs 15 for WINNIPEG BEAVERS.

2nd period


0:01 of 2nd period - David Krejci wins face-off versus Elias Pettersson in neutral zone.
0:07 of 2nd period - Icing by Oscar Klefbom.
0:08 of 2nd period - David Krejci wins face-off versus Elias Pettersson in RENO LIONS zone.
0:14 of 2nd period - Off-side.
0:15 of 2nd period - David Krejci wins face-off versus Elias Pettersson in neutral zone.
0:15 of 2nd period - Joel Armia is hit by Pierre-Luc Dubois and loses puck.
0:34 of 2nd period - Shot by Elias Pettersson.
0:34 of 2nd period - Shot Misses the Net.
0:36 of 2nd period - Shot by Ryan Pulock.
0:36 of 2nd period - Shot Blocked by Joe Pavelski.
0:38 of 2nd period - Shot by Oscar Klefbom.
0:38 of 2nd period - Stopped by Sergei Bobrovsky without a rebound.
0:39 of 2nd period - Mika Zibanejad wins face-off versus William Karlsson in WINNIPEG BEAVERS zone.
1:19 of 2nd period - William Karlsson is hit by Brandon Tanev and loses puck.
1:25 of 2nd period - Mika Zibanejad is hit by Robert Hagg and loses puck.
2:03 of 2nd period - Pierre-Luc Dubois is hit by Anthony DeAngelo and loses puck.
2:12 of 2nd period - Shot by Pierre-Luc Dubois.
2:12 of 2nd period - Shot Misses the Net.
2:24 of 2nd period - Shot by Evgeny Dadonov.
2:24 of 2nd period - Stopped by Sergei Bobrovsky without a rebound.
2:25 of 2nd period - Joel Armia wins face-off versus Leo Komarov in WINNIPEG BEAVERS zone.
2:33 of 2nd period - Vincent Hinostroza is hit by Justin Braun and loses puck.
3:43 of 2nd period - Shot by Colton Sceviour.
3:43 of 2nd period - Shot Misses the Net.
3:45 of 2nd period - Shot by Jacob Trouba.
3:45 of 2nd period - Shot Misses the Net.
4:05 of 2nd period - Shot by Pierre-Luc Dubois.
4:05 of 2nd period - Shot Blocked by Justin Braun.
4:38 of 2nd period - Minor Penalty to Justin Braun for Hooking.
4:39 of 2nd period - William Karlsson wins face-off versus David Krejci in WINNIPEG BEAVERS zone.
4:44 of 2nd period - Shot by Cam Atkinson.
4:44 of 2nd period - Stopped by Sergei Bobrovsky without a rebound.
4:45 of 2nd period - William Karlsson wins face-off versus David Krejci in WINNIPEG BEAVERS zone.
5:15 of 2nd period - Shot by Anders Lee.
5:15 of 2nd period - Stopped by Sergei Bobrovsky without a rebound.
5:16 of 2nd period - Alexander Radulov wins face-off versus Elias Pettersson in WINNIPEG BEAVERS zone.
5:22 of 2nd period - Icing by Elias Pettersson.
5:23 of 2nd period - Elias Pettersson wins face-off versus Brandon Tanev in RENO LIONS zone.
7:09 of 2nd period - Minor Penalty to Carson Soucy for Cross-checking.
7:10 of 2nd period - David Krejci wins face-off versus William Karlsson in WINNIPEG BEAVERS zone.
7:49 of 2nd period - Shot by Anders Lee.
7:49 of 2nd period - Stopped by Sergei Bobrovsky without a rebound.
7:50 of 2nd period - Joe Pavelski wins face-off versus Elias Pettersson in WINNIPEG BEAVERS zone.
8:06 of 2nd period - Shot by Ryan Pulock.
8:06 of 2nd period - Shot Misses the Net.
8:08 of 2nd period - Shot by Pierre-Luc Dubois.
8:08 of 2nd period - Stopped by Sergei Bobrovsky without a rebound.
8:09 of 2nd period - David Krejci wins face-off versus Elias Pettersson in WINNIPEG BEAVERS zone.
9:25 of 2nd period - Anders Lee is hit by Brandon Tanev and loses puck.
9:49 of 2nd period - Shot by Mika Zibanejad.
9:49 of 2nd period - Shot Misses the Net.
9:54 of 2nd period - William Karlsson is hit by Anthony DeAngelo and loses puck.
10:19 of 2nd period - Oscar Klefbom is hit by Steven Lorentz and loses puck.
10:33 of 2nd period - Blake Coleman is hit by Steven Lorentz and loses puck.
10:49 of 2nd period - Oliver Ekman-Larsson is hit by Steven Lorentz and loses puck.
11:57 of 2nd period - Shot by Joe Pavelski.
11:57 of 2nd period - Deflect By Ondrej Palat.
11:57 of 2nd period - Shot Misses the Net.
11:59 of 2nd period - Shot by Joe Pavelski.
11:59 of 2nd period - Shot Blocked by Ethan Bear.
12:07 of 2nd period - Shot by Joe Pavelski.
12:07 of 2nd period - Stopped by Jaroslav Halak with a rebound.
12:09 of 2nd period - Shot by Ondrej Palat.
12:09 of 2nd period - Shot Misses the Net.
12:49 of 2nd period - Shot by William Karlsson.
12:49 of 2nd period - Shot Misses the Net.
13:11 of 2nd period - Shot by William Karlsson.
13:11 of 2nd period - Stopped by Sergei Bobrovsky with a rebound.
13:14 of 2nd period - Icing by Anthony DeAngelo.
13:15 of 2nd period - David Krejci wins face-off versus Leo Komarov in WINNIPEG BEAVERS zone.
13:15 of 2nd period - David Krejci is hit by Leo Komarov.
14:27 of 2nd period - Off-side.
14:28 of 2nd period - Mika Zibanejad wins face-off versus Elias Pettersson in neutral zone.
15:11 of 2nd period - Shot by Elias Pettersson.
15:11 of 2nd period - Shot Blocked by Carson Soucy.
15:38 of 2nd period - Icing by Kris Russell.
15:39 of 2nd period - Joe Pavelski wins face-off versus William Karlsson in WINNIPEG BEAVERS zone.
16:42 of 2nd period - Shot by Alexander Radulov.
16:42 of 2nd period - Deflect By David Krejci.
16:42 of 2nd period - Shot Misses the Net.
16:44 of 2nd period - Shot by David Krejci.
16:44 of 2nd period - Stopped by Jaroslav Halak with a rebound.
16:56 of 2nd period - Shot by Alexander Radulov.
16:56 of 2nd period - Stopped by Jaroslav Halak with a rebound.
16:58 of 2nd period - Shot by Ian Cole.
16:58 of 2nd period - Shot Misses the Net.
18:38 of 2nd period - Shot by Elias Pettersson.
18:38 of 2nd period - Deflect By Evgeny Dadonov.
18:38 of 2nd period - Shot Blocked by Dylan DeMelo.
19:19 of 2nd period - Icing by Ethan Bear.
19:20 of 2nd period - Tomas Nosek wins face-off versus Mika Zibanejad in RENO LIONS zone.
19:22 of 2nd period - Icing by Ethan Bear.
19:23 of 2nd period - Mika Zibanejad wins face-off versus Tomas Nosek in RENO LIONS zone.
19:26 of 2nd period - Shot by Brad Marchand.
19:26 of 2nd period - Stopped by Jaroslav Halak without a rebound.
19:27 of 2nd period - Alexander Radulov wins face-off versus William Karlsson in RENO LIONS zone.
19:41 of 2nd period - Icing by Anders Lee.
19:42 of 2nd period - Mika Zibanejad wins face-off versus William Karlsson in RENO LIONS zone.
19:47 of 2nd period - Shot by Mika Zibanejad.
19:47 of 2nd period - Shot Blocked by Ryan Pulock.
19:49 of 2nd period - Shot by Brad Marchand.
19:49 of 2nd period - Stopped by Jaroslav Halak without a rebound.
19:50 of 2nd period - Elias Pettersson wins face-off versus David Krejci in RENO LIONS zone.
19:59 of 2nd period - Icing by David Krejci.
Goals for this period are 0 for RENO LIONS vs 0 for WINNIPEG BEAVERS.
Shots for this period are 7 for RENO LIONS vs 5 for WINNIPEG BEAVERS.

3rd period


0:01 of 3rd period - Elias Pettersson wins face-off versus Brad Marchand in neutral zone.
0:15 of 3rd period - Shot by Evgeny Dadonov.
0:15 of 3rd period - Deflect By Elias Pettersson.
0:15 of 3rd period - Shot Misses the Net.
0:38 of 3rd period - Shot by Mika Zibanejad.
0:38 of 3rd period - Shot Misses the Net.
0:57 of 3rd period - Icing by Oliver Ekman-Larsson.
0:58 of 3rd period - David Krejci wins face-off versus Elias Pettersson in RENO LIONS zone.
1:07 of 3rd period - Shot by David Krejci.
1:07 of 3rd period - Shot Misses the Net.
1:23 of 3rd period - Shot by Alexander Radulov.
1:23 of 3rd period - Shot Misses the Net.
1:33 of 3rd period - Shot by David Krejci.
1:33 of 3rd period - Stopped by Jaroslav Halak without a rebound.
1:34 of 3rd period - Joe Pavelski wins face-off versus William Karlsson in RENO LIONS zone.
1:35 of 3rd period - Shot by Ondrej Palat.
1:35 of 3rd period - Shot Blocked by Oscar Klefbom.
1:37 of 3rd period - Shot by Joe Pavelski.
1:37 of 3rd period - Stopped by Jaroslav Halak without a rebound.
1:38 of 3rd period - William Karlsson wins face-off versus Joe Pavelski in RENO LIONS zone.
1:38 of 3rd period - William Karlsson is hit by Joel Armia.
2:03 of 3rd period - Joe Pavelski is hit by Jacob Trouba.
2:06 of 3rd period - Icing by Oscar Klefbom.
2:07 of 3rd period - William Karlsson wins face-off versus Alexander Radulov in RENO LIONS zone.
2:32 of 3rd period - Cam Atkinson is hit by Anthony DeAngelo and loses puck.
4:04 of 3rd period - Icing by Ryan Pulock.
4:05 of 3rd period - Mika Zibanejad wins face-off versus Elias Pettersson in RENO LIONS zone.
4:05 of 3rd period - Minor Penalty to Oliver Ekman-Larsson for Holding.
4:06 of 3rd period - Mika Zibanejad wins face-off versus Blake Coleman in RENO LIONS zone.
4:19 of 3rd period - Shot by Joe Pavelski.
4:19 of 3rd period - Stopped by Jaroslav Halak with a rebound.
4:21 of 3rd period - Shot by Mika Zibanejad.
4:21 of 3rd period - Shot Misses the Net.
5:59 of 3rd period - Anders Lee is hit by Brad Marchand and loses puck.
6:10 of 3rd period - Shot by Mika Zibanejad.
6:10 of 3rd period - Deflect By Michael Raffl.
6:10 of 3rd period - Stopped by Jaroslav Halak without a rebound.
6:11 of 3rd period - Pierre-Luc Dubois wins face-off versus Steven Lorentz in RENO LIONS zone.
6:26 of 3rd period - Shot by Michael Raffl.
6:26 of 3rd period - Shot Misses the Net.
6:28 of 3rd period - Shot by Carson Soucy.
6:28 of 3rd period - Stopped by Jaroslav Halak without a rebound.
6:29 of 3rd period - Joe Pavelski wins face-off versus Tomas Nosek in RENO LIONS zone.
6:40 of 3rd period - Shot by Ondrej Palat.
6:40 of 3rd period - Shot Misses the Net.
7:29 of 3rd period - Icing by Ian Cole.
7:30 of 3rd period - Joe Pavelski wins face-off versus Elias Pettersson in WINNIPEG BEAVERS zone.
7:30 of 3rd period - Ondrej Palat is hit by Pierre-Luc Dubois and loses puck.
8:45 of 3rd period - Shot by Cam Atkinson.
8:45 of 3rd period - Stopped by Sergei Bobrovsky without a rebound.
8:46 of 3rd period - Mika Zibanejad wins face-off versus Leo Komarov in WINNIPEG BEAVERS zone.
8:57 of 3rd period - Shot by Mika Zibanejad.
8:57 of 3rd period - Shot Misses the Net.
9:17 of 3rd period - Shot by Mika Zibanejad.
9:17 of 3rd period - Stopped by Jaroslav Halak with a rebound.
9:30 of 3rd period - Shot by Brad Marchand.
9:30 of 3rd period - Stopped by Jaroslav Halak without a rebound.
9:31 of 3rd period - William Karlsson wins face-off versus David Krejci in RENO LIONS zone.
9:50 of 3rd period - Anders Lee beats up Sean Kuraly.
9:50 of 3rd period - Penalty to Sean Kuraly for Fighting.
9:50 of 3rd period - Penalty to Anders Lee for Fighting.
9:51 of 3rd period - Steven Lorentz wins face-off versus Elias Pettersson in RENO LIONS zone.
10:00 of 3rd period - Icing by Ethan Bear.
10:01 of 3rd period - Elias Pettersson wins face-off versus Alexander Radulov in RENO LIONS zone.
10:28 of 3rd period - Shot by Evgeny Dadonov.
10:28 of 3rd period - Stopped by Sergei Bobrovsky without a rebound.
10:29 of 3rd period - William Karlsson wins face-off versus Steven Lorentz in WINNIPEG BEAVERS zone.
10:31 of 3rd period - Cam Atkinson is hit by Dylan DeMelo and loses puck.
10:40 of 3rd period - Jacob Trouba is hit by Michael Raffl.
11:09 of 3rd period - Dylan DeMelo is hit by Oscar Klefbom and loses puck.
11:34 of 3rd period - Ryan Pulock is hit by Brandon Tanev and loses puck.
11:45 of 3rd period - Shot by Pierre-Luc Dubois.
11:45 of 3rd period - Shot Misses the Net.
12:48 of 3rd period - Shot by Blake Coleman.
12:48 of 3rd period - Stopped by Sergei Bobrovsky without a rebound.
12:49 of 3rd period - Steven Lorentz wins face-off versus William Karlsson in WINNIPEG BEAVERS zone.
13:26 of 3rd period - Shot by Cam Atkinson.
13:26 of 3rd period - Stopped by Sergei Bobrovsky without a rebound.
13:27 of 3rd period - Leo Komarov wins face-off versus Joe Pavelski in WINNIPEG BEAVERS zone.
13:40 of 3rd period - Shot by Leo Komarov.
13:40 of 3rd period - Shot Misses the Net.
13:42 of 3rd period - Shot by Leo Komarov.
13:42 of 3rd period - Stopped by Sergei Bobrovsky without a rebound.
13:43 of 3rd period - David Krejci wins face-off versus Elias Pettersson in WINNIPEG BEAVERS zone.
13:45 of 3rd period - Icing by Mika Zibanejad.
13:46 of 3rd period - David Krejci wins face-off versus Elias Pettersson in WINNIPEG BEAVERS zone.
14:06 of 3rd period - Shot by Elias Pettersson.
14:06 of 3rd period - Stopped by Sergei Bobrovsky without a rebound.
14:07 of 3rd period - William Karlsson wins face-off versus Joe Pavelski in WINNIPEG BEAVERS zone.
15:49 of 3rd period - Minor Penalty to Ian Cole for Hooking.
15:50 of 3rd period - David Krejci wins face-off versus Elias Pettersson in WINNIPEG BEAVERS zone.
16:11 of 3rd period - Dylan DeMelo is hit by Pierre-Luc Dubois and loses puck.
16:31 of 3rd period - Icing by Pierre-Luc Dubois.
16:32 of 3rd period - David Krejci wins face-off versus Elias Pettersson in RENO LIONS zone.
17:03 of 3rd period - Icing by Oscar Klefbom.
17:04 of 3rd period - David Krejci wins face-off versus Elias Pettersson in RENO LIONS zone.
17:12 of 3rd period - Icing by Ryan Pulock.
17:13 of 3rd period - David Krejci wins face-off versus Elias Pettersson in RENO LIONS zone.
18:07 of 3rd period - Shot by Brad Marchand.
18:07 of 3rd period - Shot Blocked by Ethan Bear.
18:09 of 3rd period - Shot by Brad Marchand.
18:09 of 3rd period - Stopped by Jaroslav Halak without a rebound.
18:10 of 3rd period - William Karlsson wins face-off versus David Krejci in RENO LIONS zone.
18:14 of 3rd period - Off-side.
18:15 of 3rd period - William Karlsson wins face-off versus David Krejci in neutral zone.
18:30 of 3rd period - Shot by Cam Atkinson.
18:30 of 3rd period - Stopped by Sergei Bobrovsky without a rebound.
18:31 of 3rd period - Leo Komarov wins face-off versus Mika Zibanejad in WINNIPEG BEAVERS zone.
18:44 of 3rd period - Shot by Brad Marchand.
18:44 of 3rd period - Deflect By Mika Zibanejad.
18:44 of 3rd period - Stopped by Jaroslav Halak without a rebound.
18:45 of 3rd period - William Karlsson wins face-off versus David Krejci in RENO LIONS zone.
Goals for this period are 0 for RENO LIONS vs 0 for WINNIPEG BEAVERS.
Shots for this period are 7 for RENO LIONS vs 9 for WINNIPEG BEAVERS.


DARCY
KUEMPER
JAKE
OETTINGER
NINO
NIEDERREITER

EAST COAST

HOCKEY LEAGUE

  • 1.CHI2QUE4
  • 2.LIM2CHA3
  • 3.LON3TRV5
  • 4.BAL5CHW6
  • 5.MANPIT
  • 6.NHWATL
  • 7.PETWOR
  • 8.RHI